 Dungeon Crawl Stone Soup version 0.28.0-43-g3370ac3207 (webtiles) character file.

Game seed: 16016432784032247014

682 tizbic2 the Poker (level 7, -2/66 HPs)
             Began as a Troll Fighter on Mar 4, 2022.
             Was an Initiate of Ru.
             Succumbed to a water moccasin's poison
             ... on level 5 of the Dungeon.
             The game lasted 00:19:34 (3243 turns).

tizbic2 the Poker (Troll Fighter)                   Turns: 3243, Time: 00:19:35

Health: -2/66      AC:  7    Str: 27    XL:     7   Next: 34%
Magic:  6/6        EV:  9    Int:  1    God:    Ru [......]
Gold:   175        SH:  9    Dex: 15    Spells: 6/6 levels left

rFire   . . .      SeeInvis +   q - +2 dagger (venom)
rCold   + . .      Faith    .   n - +0 kite shield
rNeg    . . .      Spirit   .   y - +1 robe {Will+}
rPois   .          Reflect  .   (helmet restricted)
rElec   +          Harm     .   x - +1 cloak "Fiang" {rElec rC+ Int-3 SInv}
rCorr   .          Rampage  .   (gloves unavailable)
Will    +....                   (boots unavailable)
Stlth   +.........              (no amulet)
HPRegen 1.01/turn               g - +4 ring of slaying
MPRegen 0.10/turn               l - +6 ring of dexterity

@: mighty, lethally poisoned (-2 -> -14)
A: large, unfitting armour, claws 3, regeneration 1, shaggy fur 1, tough skin 1
a: Renounce Religion


You were on level 5 of the Dungeon.
You worshipped Ru.
Ru was noncommittal.
You visited 1 branch of the dungeon, and saw 5 of its levels.

You collected 175 gold pieces.

Inventory:

Hand Weapons
 j - a +2 dagger of electrocution
 q - a +2 dagger of venom (weapon)
 w - a +2 mace of holy wrath
Missiles
 d - 12 poisoned darts
 k - 118 stones (quivered)
Armour
 n - a +0 kite shield (worn)
 x - the +1 cloak "Fiang" (worn) {rElec rC+ Int-3 SInv}
   (You found it on level 4 of the Dungeon)

   Int:       It affects your intelligence (-3).
   rC:        It protects you from cold.
   rElec:     It insulates you from electricity.
   SInv:      It lets you see invisible.
 y - a +1 robe of willpower (worn)
Jewellery
 f - a ring of wizardry
 g - a +4 ring of slaying (left claw)
 l - a +6 ring of dexterity (right claw)
Wands
 o - a wand of flame (32)
Scrolls
 b - 2 scrolls of identify
 r - a scroll of fog
 s - a scroll of acquirement {unknown}
 u - a scroll of magic mapping
 v - a scroll of immolation {unknown}
Potions
 c - a potion of might
 e - 2 potions of attraction {unknown}
 h - a potion of magic {unknown}
 i - 4 potions of flight
 m - a potion of haste {unknown}
 p - a potion of ambrosia {unknown}
 t - a potion of brilliance {unknown}


   Skills:
 - Level 2.4 Fighting
 * Level 5.1 Polearms
 - Level 2.4 Dodging
 + Level 4.5 Shields
 - Level 2.7 Unarmed Combat


You had 6 spell levels left.
You didn't know any spells.
Your spell library was empty.

Dungeon Overview and Level Annotations

Branches:
Dungeon (5/15)
 Temple: D:4-7

Altars:
Cheibriados
Okawaru
Ru
Trog

Shops:
D:1 (:?   D:2 ?=(*[


Innate Abilities, Weirdness & Mutations

You are too large for most types of armour.
You have claws for hands.
Your natural rate of healing is unusually fast.
You are covered in fur. (AC +1)
You have tough skin. (AC +1)


Message History

You block the orc's attack.
An orc comes into view. It is wielding a +0 falchion.
You block the orc priest's attack. The orc hits you with a +0 mace.
You closely miss the orc. The water moccasin bites you.
You are poisoned.
The water moccasin poisons you! The orc priest closely misses you.
The orc closely misses you.
You barely miss the water moccasin.
You feel very sick. The water moccasin barely misses you.
The orc priest hits you but does no damage.
The orc hits you with a +0 mace. The water moccasin bites you.
You puncture the orc!
You kill the orc!
You feel very sick. The water moccasin bites you.
You are more poisoned.
The water moccasin poisons you! The orc priest closely misses you.
You block the water moccasin's attack.
You feel very sick.
The orc priest mumbles some strange prayers to Beogh against you.
Beogh smites you!
* * * LOW HITPOINT WARNING * * *
You barely miss the water moccasin.
You feel very sick.
You kill the orc priest!
The water moccasin barely misses you. You block the water moccasin's attack.
You feel very sick.
You block the water moccasin's attack. x2
You feel very mighty all of a sudden.
You feel very sick. The water moccasin bites you.
* * * LOW HITPOINT WARNING * * *
You are lethally poisoned!
The water moccasin poisons you! The water moccasin bites you.
* * * LOW HITPOINT WARNING * * *
* * * LOW HITPOINT WARNING * * *
You feel very sick. You block the water moccasin's attack.
You die...

#....). #...... #......
#....(.########
#.....Z#......##############
#.....o'....................
#.....)#ooS...##############
######.#.S....# #o#...@..#
#.#....†.# #.#......#
#.#......# #.#......#
#......# #......# ........
##########


You could see 2 water moccasins, an orc priest, 2 orcs and a water moccasin
skeleton.

Vanquished Creatures
  An ogre (D:4)
  A phantom (D:4)
  A wyvern zombie (D:4)
  A hound (D:4)
  A jelly (D:4)
  Crazy Yiuf (D:3)
  3 orc priests
  Jessica (D:3)
  A bullfrog skeleton (D:4)
  An iguana (D:4)
  2 orc wizards (D:4)
  A mummy (D:4)
  3 adders
  An adder skeleton (D:4)
  2 worms
  A dart slug (D:3)
  12 orcs
  7 bats
  7 endoplasms
  3 giant cockroaches
  14 goblins
  7 hobgoblins
  14 jackals
  3 quokkas
  6 ball pythons
  3 frilled lizards
  9 kobolds
  13 rats
120 creatures vanquished.

Notes
Turn   | Place    | Note
-------+----------+-------------------------------------------
     0 | D:1      | tizbic2 the Troll Fighter began the quest for the Orb.
     0 | D:1      | Reached XP level 1. HP: 22/22 MP: 0/0
    59 | D:1      | Found Ofaikkiu's Weapon Shop.
    67 | D:1      | Reached XP level 2. HP: 28/29 MP: 1/1
    74 | D:1      | Found a faded altar of an unknown god.
   182 | D:1      | Found Lycw's Book Shop.
   239 | D:1      | Reached skill level 1 in Polearms
   247 | D:1      | Reached XP level 3. HP: 36/36 MP: 2/2
   276 | D:1      | Found Pawonoeb's Magic Scroll Shop.
   618 | D:2      | Found Cari's Assorted Antiques.
   679 | D:2      | Reached XP level 4. HP: 35/44 MP: 3/3
   681 | D:2      | Reached skill level 2 in Polearms
   797 | D:2      | Found Ycliam's Weapon Shoppe.
   844 | D:2      | Found Onainuta's Armour Emporium.
  1031 | D:2      | Found Oneluh's Magic Scroll Boutique.
  1064 | D:2      | Found Viag's Jewellery Emporium.
  1157 | D:3      | Found a bloodstained altar of Trog.
  1180 | D:3      | Found a sacrificial altar of Ru.
  1180 | D:3      | Found an iron altar of Okawaru.
  1421 | D:3      | Noticed Jessica
  1440 | D:3      | Reached XP level 5. HP: 5/50 MP: 4/4
  1460 | D:3      | Killed Jessica
  1535 | D:3      | Found a runed translucent door.
  1536 | D:3      | Noticed Crazy Yiuf
  1545 | D:3      | Killed Crazy Yiuf
  1546 | D:3      | Reached skill level 3 in Polearms
  1787 | D:4      | Noticed an ogre
  1818 | D:4      | Killed an ogre
  1819 | D:4      | Reached XP level 6. HP: 59/59 MP: 5/5
  2014 | D:4      | Found a snail-covered altar of Cheibriados.
  2180 | D:4      | Reached skill level 4 in Polearms
  2226 | D:4      | Reached XP level 7. HP: 64/66 MP: 6/6
  2385 | D:3      | Became a worshipper of Ru the Awakened
  2714 | D:4      | Identified the +1 cloak "Fiang" {rElec rC+ Int-3 SInv}
  2906 | D:4      | Reached skill level 5 in Polearms
  3191 | D:5      | Entered Level 5 of the Dungeon
  3242 | D:5      | HP: 2/66 [poisoned by a water moccasin]
  3243 | D:5      | Succumbed to a water moccasin's poison

Illustrated notes

Levels and vault maps discovered:
D:1:      wander_arrival_lonely_grave, layout_rooms, serial_shops, shop,
          shop_fountains, shop_statue, basic_ecumenical_altar,
          minmay_rat_gold_closets
D:2:      layout_loops_cross, serial_shops, shop, nicolae_shop_window_shopping,
          shop, nicolae_shop_crystal, shop_statue
D:3:      layout_basic, grunt_temple_overflow_open, uniq_jessica,
          uniq_crazy_yiuf_cottage
D:4:      minmay_octagon_keep, layout_basic, slow_altar_2
D:5:      layout_basic, uniq_blork_the_orc

Skill      XL: |  1  2  3  4  5  6  7 |
---------------+----------------------+-----
Polearms       | 1 2 3 4 5 |  5.1
Shields        | 3 4 |  4.5
Fighting       | |  2.4
Dodging        | |  2.4
Unarmed Combat | |  2.7

Action                   |  1- 3 |  4- 6 |  7- 9 || total
-------------------------+-------+-------+-------++-------
Melee: Unarmed           |    28 |       |       ||    28
       Mace              |    43 |    29 |    36 ||   108
       Dagger            |    53 |    62 |    15 ||   130
       Quarterstaff      |       |     6 |       ||     6
Throw: Stone             |       |    14 |       ||    14
  Use: Scroll            |     1 |     4 |       ||     5
       Potion            |       |       |     1 ||     1
 Stab: Sleeping          |     1 |       |       ||     1
Armor: Robe              |    46 |    24 |    20 ||    90
Dodge: Dodged            |    61 |    47 |    15 ||   123
Block: Kite shield       |    65 |    41 |    27 ||   133
